[ AOE2 MATCH · #478877458 ]
1v1 RMMagyars vs Mongols
Player's team · WIN
Rival team · LOSS
[ REPLAY ANALYSIS · EXTRACTED FROM THE RECORDED GAME ]
Feudal
9:45
Castle
21:35
Imperial
35:05
| APM avg | 34.4 |
| APM peak | 77 |
| eAPM avg | 13.9 |
| Villagers / military | 86 / 26 |
Focus
⚔️ 21.6% · 🌾 78.4%
Cavalry Archer ×11 · Knight ×9 · Archer ×3 · Scout Cavalry ×3
Feudal
9:31
Castle
21:29
Imperial
—
| APM avg | 29.8 |
| APM peak | 66 |
| eAPM avg | 15.4 |
| Villagers / military | 49 / 28 |
Focus
⚔️ 21.1% · 🌾 78.9%
Skirmisher ×24 · Spearman ×3 · Scout Cavalry ×1
Match map
Initial resources + every placement click. Lines = walls · curves = elevation contours. ◆ gold · ⬟ stone · ● berries · ✦ relic · ◌ wall gap
Your base· Open — opponent sealed themselves in
Don Gordas's base· ✓ Closed at 21:29 · 57t walls · 1 gate(s)
Smoothed initial terrain · ◌ = detected wall gap · hover for details
Inputs per minute
— Bob Lee Chapado - - Don Gordas
Build order — Bob Lee Chapado
First 150 of 199 actions detected
| 0:02 | Build | House |
| 0:04 | Build | House |
| 0:04 | Create | Villager (Male) |
| 0:05 | Create | Villager (Male) |
| 0:05 | Create | Villager (Male) |
| 0:05 | Create | Villager (Male) |
| 1:39 | Create | Villager (Male) |
| 2:01 | Create | Villager (Male) |
| 2:12 | Create | Villager (Male) |
| 2:21 | Build | Lumber Camp |
| 2:44 | Create | Villager (Male) |
| 2:58 | Create | Villager (Male) |
| 3:37 | Create | Villager (Male) |
| 4:01 | Build | House |
| 4:19 | Create | Villager (Male) |
| 5:05 | Create | Villager (Male) |
| 5:06 | Create | Villager (Male) |
| 5:13 | Create | Villager (Male) |
| 5:27 | Create | Villager (Male) |
| 5:35 | Build | Mill |
| 5:53 | Build | House |
| 5:59 | Create | Villager (Male) |
| 6:02 | Create | Villager (Male) |
| 6:02 | Create | Villager (Male) |
| 6:22 | Create | Villager (Male) |
| 6:22 | Create | Villager (Male) |
| 7:20 | Research | Feudal Age |
| 8:25 | Build | Barracks |
| 9:07 | Create | Villager (Male) |
| 9:08 | Create | Villager (Male) |
| 9:08 | Create | Villager (Male) |
| 9:29 | Build | House |
| 9:45 | Age | Feudal Age |
| 9:46 | Build | Stable |
| 9:53 | Build | Farm |
| 9:55 | Build | Farm |
| 10:20 | Build | Mining Camp |
| 10:27 | Create | Villager (Male) |
| 10:46 | Create | Scout Cavalry |
| 10:46 | Create | Scout Cavalry |
| 10:47 | Research | Bloodlines |
| 11:12 | Create | Villager (Male) |
| 11:23 | Build | Lumber Camp |
| 11:30 | Create | Villager (Male) |
| 11:53 | Create | Scout Cavalry |
| 12:00 | Build | House |
| 12:06 | Build | Farm |
| 13:06 | Research | Loom |
| 14:04 | Create | Villager (Male) |
| 14:04 | Create | Villager (Male) |
| 14:05 | Create | Villager (Male) |
| 14:26 | Build | Farm |
| 14:28 | Build | Farm |
| 14:29 | Build | Farm |
| 14:30 | Build | Farm |
| 14:33 | Build | Market |
| 14:36 | Create | Villager (Male) |
| 14:36 | Create | Villager (Male) |
| 14:43 | Build | Farm |
| 14:44 | Build | Farm |
| 14:54 | Build | Palisade Gate |
| 14:56 | Build | Palisade Wall |
| 14:57 | Build | Palisade Wall |
| 15:03 | Build | Farm |
| 15:07 | Build | Palisade Wall |
| 15:25 | Build | Palisade Wall |
| 15:29 | Build | Farm |
| 15:31 | Create | Villager (Male) |
| 15:31 | Create | Villager (Male) |
| 15:35 | Research | Double-Bit Axe |
| 15:54 | Build | Farm |
| 16:24 | Build | Farm |
| 16:33 | Build | House |
| 16:41 | Build | Farm |
| 16:51 | Build | Palisade Wall |
| 16:59 | Build | Farm |
| 17:08 | Build | House |
| 17:12 | Build | Palisade Wall |
| 17:17 | Create | Villager (Male) |
| 17:17 | Create | Villager (Male) |
| 17:21 | Build | Farm |
| 17:33 | Research | Horse Collar |
| 18:07 | Build | Palisade Wall |
| 18:14 | Build | House |
| 18:15 | Build | House |
| 18:17 | Build | Palisade Wall |
| 18:27 | Build | Farm |
| 18:27 | Create | Villager (Male) |
| 18:55 | Research | Castle Age |
| 18:55 | Research | Castle Age |
| 18:59 | Build | Farm |
| 19:03 | Build | House |
| 19:44 | Build | Archery Range |
| 19:53 | Research | Wheelbarrow |
| 19:55 | Create | Villager (Male) |
| 19:55 | Create | Villager (Male) |
| 19:57 | Build | Mining Camp |
| 20:44 | Create | Villager (Male) |
| 20:51 | Research | Stone Mining |
| 20:53 | Research | Gold Mining |
| 21:35 | Age | Castle Age |
| 21:46 | Build | Town Center |
| 22:07 | Create | Cavalry Archer |
| 22:19 | Build | Farm |
| 22:41 | Create | Cavalry Archer |
| 22:56 | Create | Cavalry Archer |
| 23:00 | Create | Villager (Male) |
| 23:00 | Create | Villager (Male) |
| 23:01 | Create | Villager (Male) |
| 23:02 | Create | Villager (Male) |
| 23:08 | Create | Villager (Male) |
| 23:39 | Build | Blacksmith |
| 23:53 | Create | Cavalry Archer |
| 23:54 | Create | Cavalry Archer |
| 23:58 | Create | Villager (Male) |
| 23:58 | Create | Villager (Male) |
| 24:00 | Research | Bow Saw |
| 24:49 | Research | Padded Archer Armor |
| 24:50 | Research | Fletching |
| 24:55 | Build | Farm |
| 24:58 | Create | Villager (Male) |
| 24:58 | Create | Villager (Male) |
| 25:02 | Research | Gold Shaft Mining |
| 25:04 | Create | Cavalry Archer |
| 25:22 | Create | Cavalry Archer |
| 25:35 | Build | Farm |
| 25:36 | Create | Villager (Male) |
| 25:36 | Create | Villager (Male) |
| 25:40 | Create | Villager (Male) |
| 25:41 | Create | Villager (Male) |
| 26:05 | Build | Farm |
| 26:20 | Research | Heavy Plow |
| 27:00 | Create | Villager (Male) |
| 27:01 | Create | Villager (Male) |
| 27:02 | Create | Villager (Male) |
| 27:02 | Create | Villager (Male) |
| 27:03 | Create | Villager (Male) |
| 27:56 | Create | Villager (Male) |
| 27:57 | Create | Villager (Male) |
| 27:57 | Create | Villager (Male) |
| 27:57 | Create | Villager (Male) |
| 28:07 | Create | Archer |
| 28:08 | Create | Archer |
| 28:08 | Create | Archer |
| 28:10 | Create | Cavalry Archer |
| 28:11 | Create | Cavalry Archer |
| 28:11 | Create | Cavalry Archer |
| 28:11 | Create | Cavalry Archer |
| 28:13 | Build | House |
| 28:14 | Build | House |
Build order — Don Gordas
First 150 of 162 actions detected
| 0:02 | Create | Villager (Male) |
| 0:02 | Create | Villager (Male) |
| 0:04 | Build | House |
| 0:05 | Build | House |
| 0:06 | Create | Villager (Male) |
| 0:06 | Create | Villager (Male) |
| 1:42 | Create | Villager (Male) |
| 2:23 | Create | Villager (Male) |
| 2:23 | Create | Villager (Male) |
| 3:20 | Build | Lumber Camp |
| 3:26 | Create | Villager (Male) |
| 3:26 | Create | Villager (Male) |
| 3:49 | Create | Villager (Male) |
| 3:56 | Create | Villager (Male) |
| 3:56 | Create | Villager (Male) |
| 4:31 | Build | House |
| 4:59 | Create | Villager (Male) |
| 5:04 | Build | Palisade Wall |
| 5:20 | Create | Villager (Male) |
| 5:54 | Build | House |
| 6:37 | Build | Palisade Wall |
| 6:51 | Build | Mill |
| 7:03 | Build | Palisade Wall |
| 7:21 | Research | Feudal Age |
| 7:25 | Research | Loom |
| 7:34 | Build | Palisade Gate |
| 8:11 | Build | Barracks |
| 8:46 | Build | Palisade Wall |
| 9:31 | Age | Feudal Age |
| 9:34 | Build | Stable |
| 9:37 | Research | Double-Bit Axe |
| 9:38 | Create | Villager (Male) |
| 9:39 | Create | Villager (Male) |
| 9:50 | Create | Spearman |
| 9:50 | Create | Spearman |
| 10:30 | Build | Mill |
| 10:35 | Build | Palisade Wall |
| 10:42 | Create | Scout Cavalry |
| 11:10 | Create | Spearman |
| 11:55 | Build | Palisade Wall |
| 11:57 | Build | House |
| 12:00 | Build | Palisade Wall |
| 12:03 | Create | Villager (Male) |
| 12:03 | Create | Villager (Male) |
| 12:33 | Build | Farm |
| 12:38 | Create | Villager (Male) |
| 13:11 | Build | Mining Camp |
| 13:54 | Build | House |
| 14:10 | Build | Palisade Wall |
| 14:11 | Build | House |
| 14:20 | Create | Villager (Male) |
| 14:20 | Create | Villager (Male) |
| 14:23 | Research | Horse Collar |
| 14:28 | Build | Palisade Wall |
| 15:03 | Build | Palisade Wall |
| 15:17 | Build | Farm |
| 15:33 | Build | House |
| 15:45 | Create | Villager (Male) |
| 15:46 | Create | Villager (Male) |
| 16:13 | Build | Farm |
| 16:25 | Build | Farm |
| 16:33 | Build | Blacksmith |
| 16:45 | Build | Farm |
| 16:56 | Build | Farm |
| 16:59 | Build | Farm |
| 17:25 | Create | Villager (Male) |
| 17:53 | Build | Farm |
| 18:03 | Build | Farm |
| 18:49 | Research | Castle Age |
| 18:49 | Research | Castle Age |
| 20:02 | Research | Gold Mining |
| 20:22 | Build | Farm |
| 20:25 | Build | Farm |
| 20:56 | Build | Palisade Wall |
| 21:29 | Age | Castle Age |
| 21:33 | Build | Town Center |
| 21:41 | Create | Villager (Male) |
| 21:42 | Create | Villager (Male) |
| 22:05 | Research | Bow Saw |
| 22:08 | Research | Heavy Plow |
| 22:08 | Research | Heavy Plow |
| 22:11 | Create | Villager (Male) |
| 22:11 | Create | Villager (Male) |
| 22:50 | Build | Mining Camp |
| 22:52 | Create | Villager (Male) |
| 22:52 | Create | Villager (Male) |
| 22:52 | Create | Villager (Male) |
| 22:57 | Build | Farm |
| 23:04 | Create | Villager (Male) |
| 23:32 | Research | Stone Mining |
| 23:55 | Build | Archery Range |
| 24:16 | Create | Villager (Male) |
| 24:16 | Create | Villager (Male) |
| 24:40 | Build | Lumber Camp |
| 25:06 | Research | Wheelbarrow |
| 25:06 | Research | Wheelbarrow |
| 25:19 | Create | Villager (Male) |
| 25:19 | Create | Villager (Male) |
| 25:29 | Create | Villager (Male) |
| 25:30 | Create | Villager (Male) |
| 25:34 | Create | Skirmisher |
| 25:35 | Create | Skirmisher |
| 25:35 | Create | Skirmisher |
| 25:41 | Research | Fletching |
| 25:48 | Create | Villager (Male) |
| 25:59 | Create | Skirmisher |
| 26:22 | Create | Skirmisher |
| 26:31 | Build | Archery Range |
| 27:08 | Research | Padded Archer Armor |
| 27:08 | Research | Padded Archer Armor |
| 27:08 | Research | Padded Archer Armor |
| 27:17 | Create | Skirmisher |
| 27:17 | Create | Skirmisher |
| 27:38 | Create | Skirmisher |
| 27:38 | Create | Skirmisher |
| 27:59 | Create | Skirmisher |
| 28:00 | Create | Skirmisher |
| 28:21 | Build | Lumber Camp |
| 28:27 | Build | Farm |
| 28:29 | Build | Farm |
| 28:40 | Create | Skirmisher |
| 28:40 | Create | Skirmisher |
| 29:10 | Create | Skirmisher |
| 29:28 | Research | Leather Archer Armor |
| 29:28 | Research | Leather Archer Armor |
| 30:02 | Research | Bodkin Arrow |
| 30:04 | Create | Skirmisher |
| 30:04 | Create | Skirmisher |
| 30:32 | Create | Skirmisher |
| 30:32 | Create | Skirmisher |
| 30:33 | Create | Skirmisher |
| 30:35 | Build | House |
| 30:36 | Build | House |
| 30:48 | Build | House |
| 30:55 | Create | Villager (Male) |
| 30:55 | Create | Villager (Male) |
| 31:09 | Create | Villager (Male) |
| 31:09 | Create | Villager (Male) |
| 32:16 | Create | Skirmisher |
| 32:16 | Create | Skirmisher |
| 32:17 | Create | Skirmisher |
| 32:23 | Build | Lumber Camp |
| 32:26 | Create | Villager (Male) |
| 32:44 | Build | Castle |
| 33:17 | Build | Castle |
| 33:23 | Create | Skirmisher |
| 33:23 | Create | Skirmisher |
| 33:53 | Build | Castle |
| 33:57 | Create | Villager (Male) |
| 33:57 | Create | Villager (Male) |
Match timeline
| 5:04 | Don Gordas · wall_segment Palisade Wall x5 |
| 6:37 | Don Gordas · wall_segment Palisade Wall x8 |
| 7:03 | Don Gordas · wall_segment Palisade Wall x7 |
| 8:11 | Don Gordas · first_building Barracks |
| 8:25 | Bob Lee Chapado · first_building Barracks |
| 8:46 | Don Gordas · wall_segment Palisade Wall x4 |
| 9:31 | Don Gordas · age_up feudal |
| 9:34 | Don Gordas · first_building Stable |
| 9:45 | Bob Lee Chapado · age_up feudal |
| 9:46 | Bob Lee Chapado · first_building Stable |
| 10:35 | Don Gordas · wall_segment Palisade Wall x4 |
| 11:55 | Don Gordas · wall_segment Palisade Wall x7 |
| 12:00 | Don Gordas · wall_segment Palisade Wall x6 |
| 14:10 | Don Gordas · wall_segment Palisade Wall x7 |
| 14:28 | Don Gordas · wall_segment Palisade Wall x4 |
| 14:56 | Bob Lee Chapado · wall_segment Palisade Wall x4 |
| 14:57 | Bob Lee Chapado · wall_segment Palisade Wall x5 |
| 15:03 | Don Gordas · wall_segment Palisade Wall x5 |
| 15:07 | Bob Lee Chapado · wall_segment Palisade Wall x10 |
| 15:25 | Bob Lee Chapado · wall_segment Palisade Wall x7 |
| 16:51 | Bob Lee Chapado · wall_segment Palisade Wall x8 |
| 17:12 | Bob Lee Chapado · wall_segment Palisade Wall x5 |
| 18:07 | Bob Lee Chapado · wall_segment Palisade Wall x4 |
| 18:17 | Bob Lee Chapado · wall_segment Palisade Wall x4 |
| 18:51 | Bob Lee Chapado · first_market_buy 100 food |
| 19:44 | Bob Lee Chapado · first_building Archery Range |
| 20:56 | Don Gordas · wall_segment Palisade Wall x1 |
| 21:29 | Don Gordas · age_up castle |
| 21:35 | Bob Lee Chapado · age_up castle |
| 23:55 | Don Gordas · first_building Archery Range |
| 29:21 | Bob Lee Chapado · first_building Castle |
| 31:30 | Bob Lee Chapado · first_market_sell 100 stone |
| 32:44 | Don Gordas · first_building Castle |
| 34:28 | Don Gordas · wall_segment Palisade Wall x1 |
| 34:32 | Don Gordas · wall_segment Palisade Wall x1 |
| 35:05 | Bob Lee Chapado · age_up imperial |
| 35:11 | Don Gordas · resign |
[ AI ANALYSIS · 1 CREDIT ]
What really happened in this match?
Wolo.gg analyzes every decision: build order, eco, micro, common mistakes by bracket. Personalized analysis on WhatsApp or Discord in 30 seconds.
Civ guide
Magyars
Map guide
Cenotes
Perfil
Bob Lee Chapado